 Dungeon Sprint DCSS version 0.23.0 (webtiles) character file.

Game seed: 5130399642193110223

5237 nuthulu the Ninja (level 10, 0/53 HPs)
             Began as a Spriggan Assassin on Feb 18, 2019.
             Was a High Priest of Dithmenos.
             Slain by a spriggan rider
             ... wielding a +0 spear
              (23 damage)
             ... in the Dungeon (Sprint V: "Ziggurat Sprint").
             The game lasted 00:03:45 (258 turns).

nuthulu the Ninja (Spriggan Assassin)                Turns: 258, Time: 00:03:45

Health: 0/53       AC:  3    Str:  7    XL:     10   Next: 35%
Magic:  3/11       EV: 24    Int: 13    God:    Dithmenos [*****.]
Gold:   0          SH:  0    Dex: 33    Spells: 9/9 levels left

rFire    . . .     SeeInvis +   z - +5 quick blade (flame)
rCold    . . .     Gourm    .   (shield restricted)
rNeg     . . .     Faith    .   c - +0 robe
rPois    .         Spirit   .   (helmet restricted)
rElec    .         Reflect  .   d - +0 cloak
rCorr    .         Harm     .   (gloves unavailable)
MR       +....     NoTele   +   (boots unavailable)
Stlth    ++++++++++             (no amulet)
HPRegen  0.17/turn              D - +6 ring of dexterity
MPRegen  0.12/turn              E - +6 ring of dexterity

@: wreathed by umbra, very quick
A: very small, unfitting armour, see invisible, herbivore, speed 3, slow
metabolism 2
a: Shadow Step, Shadow Form, Renounce Religion


You were in the Dungeon.
You worshipped Dithmenos.
Dithmenos was extremely pleased with you.
You were not hungry.

You visited 1 branch

Inventory:

Hand Weapons
 a - a +2 dagger
 b - a +0 blowgun
 z - a +5 quick blade of flaming (weapon)
Missiles
 e - 8 poisoned needles
 f - 2 curare-tipped needles
Armour
 c - a +0 robe (worn)
 d - a +0 cloak (worn)
Jewellery
 q - the amulet "Duap" {+Rage rC+}
   (You found it in the Dungeon)

   [amulet of rage]

   It protects you from cold.
   It lets you go berserk.
 D - a +6 ring of dexterity (left hand)
 E - a +6 ring of dexterity (right hand)
 F - a +6 ring of intelligence
 G - a +6 ring of intelligence
 H - a +6 ring of strength
 I - a +6 ring of strength
Wands
 A - a wand of disintegration (7)
 B - a wand of iceblast (7)
 C - a wand of acid (7)
Scrolls
 m - 4 scrolls of blinking
 t - 4 scrolls of amnesia
 u - 7 scrolls of fog
 v - a scroll of holy word
 w - 5 scrolls of identify
 x - 5 scrolls of remove curse
 y - 2 scrolls of fear
Potions
 h - 10 potions of curing
 i - 8 potions of heal wounds
 j - 6 potions of haste
 k - 7 potions of magic
 l - 3 potions of berserk rage
 n - 2 potions of brilliance
 o - a potion of invisibility
 p - 4 potions of resistance
 r - 5 potions of agility
 s - 4 potions of might
Comestibles
 g - 7 rations


   Skills:
 + Level 5.8 Fighting
 - Level 11.1 Short Blades
 + Level 7.0 Throwing
 + Level 5.4 Dodging
 O Level 27 Stealth


You had 9 spell levels left.
You didn't know any spells.
Your spell library was empty.

Dungeon Overview and Level Annotations

Branches:
Dungeon (1/1)

Altars:
Ashenzari
Cheibriados
Dithmenos
Elyvilon
Fedhas
Gozag
Hepliaklqana
Kikubaaqudgha
Makhleb
Nemelex Xobeh
Okawaru
Qazlal
Ru
Sif Muna
Trog
Uskayaw
Vehumet
Wu Jian
Xom
Yredelemnul
Zin
The Shining One
Beogh
Jiyva
Lugonu

Annotations:
D 1 transporter


Innate Abilities, Weirdness & Mutations

You are very small and have problems with some larger weapons.
You are too small for most types of armour.
You have supernaturally acute eyesight. (SInv)
You are a herbivore.
You cover ground extremely quickly.
You need to consume almost no food.


Message History

The black bear barely misses you. The black bear closely misses you.
The spriggan rider hits you from afar with a +0 spear.
The wolf bites you. The spriggan misses you. The black bear misses you.
The black bear closely misses you. x2
Aiming: Shadow Step
Press: ? - help, Dir - move target cursor, f - spriggan rider, p - spriggan
Aim: a spriggan rider, wielding a +0 spear (umbra)
You step into the spriggan rider's shadow.
The black bear misses you. The black bear closely misses you. x2
The spriggan rider hits you with a +0 spear!
The black bear completely misses you. x2; The black bear closely misses you.
You feel much better. The wolf completely misses you.
The black bear completely misses you. The black bear claws you.
The black bear closely misses you.
The spriggan rider hits you with a +0 spear.
The spriggan hits you with a +0 short sword!
The wolf misses you. The black bear misses you.
The black bear completely misses you. The black bear closely misses you.
The spriggan rider hits you with a +0 spear!!
You die...

▓..[.)...▓........▓
▓........▓........▓
▓........▓.▓)...▓.▓
▓...©....▓...©....▓
▓▓▓▓▓▓▓▓▓▓▓▓▓▓▓▓▓▓▓
▓...8©8...▓..8©8..▓
▓..)|)|...▓..).)..▓
▓...|):...▓..)))..▓
▓...@.....▓.......▓
▓.iihi....▓.......▓
▓..hh.....▓.......▓
▓...h.....▓.......▓
▓.▓.....▓.▓.▓...▓.▓
▓....©....▓...©...▓
▓▓▓▓▓▓▓▓▓▓▓▓▓▓▓▓▓▓▓
▓..8©8..▓ ▓..)|}..▓


You could see a spriggan rider, 2 black bears, 2 spriggans and 2 wolves.

Vanquished Creatures
  A red draconian (D)
  A thrashing horror (D)
  A shining eye (D)
  5 draconians (D)
  2 rime drakes (D)
  A fire bat (D)
  A golden eye (D)
  2 water moccasins (D)
  2 floating eyes (D)
  5 jellies (D)
  2 orc wizards (D)
  2 iron imps (D)
  An ufetubus (D)
  An ooze (D)
  2 orcs (D)
  A ball python (D)
30 creatures vanquished.

Vanquished Creatures (others)
  A spatial maelstrom (D)
1 creature vanquished.

Grand Total: 31 creatures vanquished

Notes
Turn   | Place    | Note
-------+----------+-------------------------------------------
     0 | D        | Found the +6 Majin-Bo {vamp, Archmagi MP+6 Int+6}
     0 | D        | Found the +7 great mace "Firestarter" {inner flame, rF++}
     0 | D        | nuthulu the Spriggan Assassin began the quest for the Orb.
     0 | D        | Reached XP level 1. HP: 10/10 MP: 2/2
     0 | D        | Found a deep blue altar of Sif Muna.
     0 | D        | Found a sacrificial altar of Ru.
     0 | D        | Found a bloodstained altar of Trog.
     0 | D        | Found a stormy altar of Qazlal.
     0 | D        | Found an iron altar of Okawaru.
     0 | D        | Found a sparkling altar of Nemelex Xobeh.
     0 | D        | Found a blossoming altar of Fedhas.
     1 | D        | Banished a spatial maelstrom
     2 | D        | Found a transporter.
     2 | D        | Found an ancient bone altar of Kikubaaqudgha.
     2 | D        | Found a viscous altar of Jiyva.
     2 | D        | Found a corrupted altar of Lugonu.
     2 | D        | Found a hazy altar of Hepliaklqana.
     2 | D        | Found a burning altar of Makhleb.
     2 | D        | Found an opulent altar of Gozag.
    27 | D        | Reached XP level 2. HP: 14/14 MP: 3/3
    40 | D        | Became a worshipper of Dithmenos the Shadowed
    51 | D        | Entered arena 2.
    51 | D        | Noticed a rime drake
    51 | D        | Noticed a rime drake
    51 | D        | Found a transporter.
    54 | D        | Killed a rime drake
    54 | D        | Reached skill level 14 in Stealth
    54 | D        | Reached XP level 3. HP: 20/20 MP: 4/4
    54 | D        | Reached XP level 4. HP: 24/24 MP: 5/5
    54 | D        | Reached XP level 5. HP: 28/28 MP: 6/6
    56 | D        | Killed a rime drake
    56 | D        | Reached skill level 17 in Stealth
    56 | D        | Reached XP level 6. HP: 32/32 MP: 7/7
    56 | D        | Reached XP level 7. HP: 36/36 MP: 8/8
    62 | D        | Entered arena 3.
    62 | D        | Found a transporter.
    67 | D        | Reached * piety under Dithmenos
    68 | D        | Reached skill level 18 in Stealth
   130 | D        | Entered arena 4.
   130 | D        | Noticed a golden eye
   130 | D        | Found a transporter.
   134 | D        | Reached ** piety under Dithmenos
   134 | D        | Reached skill level 19 in Stealth
   136 | D        | Killed a golden eye
   136 | D        | Reached skill level 5 in Throwing
   142 | D        | Entered arena 5.
   142 | D        | Found a transporter.
   148 | D        | Reached *** piety under Dithmenos
   155 | D        | Reached XP level 8. HP: 37/42 MP: 9/9
   189 | D        | Entered arena 6.
   189 | D        | Noticed a thrashing horror
   189 | D        | Found a transporter.
   192 | D        | Reached **** piety under Dithmenos
   196 | D        | Killed a thrashing horror
   196 | D        | Reached skill level 10 in Short Blades
   196 | D        | Reached skill level 21 in Stealth
   202 | D        | Reached skill level 22 in Stealth
   210 | D        | Entered arena 7.
   210 | D        | Noticed a draconian
   210 | D        | Noticed a draconian
   210 | D        | Noticed a draconian
   210 | D        | Noticed a red draconian
   210 | D        | Noticed a draconian
   210 | D        | Noticed a draconian
   211 | D        | Found a transporter.
   216 | D        | Killed a red draconian
   216 | D        | Reached ***** piety under Dithmenos
   216 | D        | Reached skill level 5 in Fighting
   216 | D        | Reached skill level 24 in Stealth
   216 | D        | Reached XP level 9. HP: 47/47 MP: 10/10
   217 | D        | Killed a draconian
   219 | D        | Killed a draconian
   219 | D        | Reached skill level 25 in Stealth
   221 | D        | Killed a draconian
   221 | D        | Reached XP level 10. HP: 51/51 MP: 11/11
   222 | D        | Killed a draconian
   222 | D        | Reached skill level 26 in Stealth
   223 | D        | Killed a draconian
   225 | D        | Got the amulet "Duap" {+Rage rC+}
   227 | D        | Entered arena 8.
   227 | D        | Noticed a shining eye
   228 | D        | Found a transporter.
   235 | D        | Killed a shining eye
   235 | D        | Reached skill level 5 in Dodging
   237 | D        | Reached ****** piety under Dithmenos
   237 | D        | Reached skill level 27 in Stealth
   247 | D        | Entered arena 9.
   247 | D        | Noticed a spriggan rider
   248 | D        | Found a transporter.
   258 | D        | Slain by a spriggan rider

Skill      XL: |  1  2  3  4  5  6  7  8  9 10 |
---------------+-------------------------------+-----
Short Blades   | 8 9 10 11 | 11.1
Fighting       | 3 4 5 |  5.8
Throwing       | 3 4 5 6 7 |  7.0
Dodging        | 2 4 5 |  5.4
Stealth        | 14 17 19 24 25 27 | 27.0

Action                   |  1- 3 |  4- 6 |  7- 9 | 10-12 || total
-------------------------+-------+-------+-------+-------++-------
Melee: Quick blade       |     1 |     1 |    32 |    11 ||    45
Invok: Shadow Step       |       |       |       |     2 ||     2
  Use: Potion            |     1 |       |     3 |     1 ||     5
       Scroll            |       |       |       |     1 ||     1
 Stab: Sleeping          |     1 |     1 |    10 |     8 ||    20
       Invisible         |       |       |     3 |       ||     3
Armor: Robe              |       |       |     1 |       ||     1
Dodge: Dodged            |       |       |    20 |    20 ||    40
